 Dungeon Crawl Stone Soup version 0.31-a0-229-g1fc7ce93e2 (webtiles) character file.

Game seed: 3579806450198632523

119 qw the Shooter (level 4, -11/36 HPs)
             Began as a Minotaur Hexslinger on July 6, 2023.
             Killed by nerve-wracking pain
             ... invoked by Grinder
              (13 damage)
             ... on level 3 of the Dungeon.
             The game lasted 00:00:46 (1555 turns).

qw the Shooter (Minotaur Hexslinger)                Turns: 1555, Time: 00:00:47

Health: -11/36     AC:  5    Str: 13    XL:     4   Next: 74%
Magic:  0/4        EV: 11    Int: 10    God:
Gold:   87         SH:  0    Dex: 14    Spells: 4/5 levels left

rFire   . . .        Y - +2 sling
rCold   . . .        (no shield)
rNeg    . . .        e - +0 ring mail
rPois   .            (helmet restricted)
rElec   .            (no cloak)
rCorr   .            (no gloves)
SInv    .            (no boots)
Will    .....        h - amulet of guardian spirit
Stlth   +            (no ring)
HPRegen 0.26/turn    (no ring)
MPRegen 0.09/turn

%: guardian spirit
@: no status effects
A: horns 2, retaliatory headbutt
a: no special abilities


You were on level 3 of the Dungeon.
You visited 1 branch of the dungeon, and saw 3 of its levels.

You collected 87 gold pieces.


Innate Abilities, Weirdness & Mutations

You have a pair of horns on your head.
You reflexively headbutt those who attack you in melee.


   Skills:
 + Level 2.0 Fighting
 - Level 5.0 Ranged Weapons
 - Level 1.3 Armour
 - Level 2.1 Dodging
 - Level 1.0 Spellcasting
 - Level 2.0 Hexes


You had 4 spell levels left.
You knew the following spells:

 Your Spells              Type           Power      Damage    Failure   Level
a - Slow                  Hex            16%        N/A       32%         1

Your spell library contained the following spells:

 Spells                   Type           Power      Damage    Failure   Level
 Inner Flame              Hex/Fire       2%         N/A       82%         3
 Portal Projectile        Hex/Tloc       4%         N/A       82%         3
 Cause Fear               Hex            2%         N/A       97%         4

Inventory:

Hand Weapons
 Y - a +2 sling (weapon)
Armour
 e - a +0 ring mail (worn)
Jewellery
 h - an amulet of guardian spirit (around neck)
Potions
 a - a potion of resistance {unknown}
 b - a potion of mutation {unknown}
 d - a potion of haste {unknown}
 g - a potion of ambrosia {unknown}

Dungeon Overview and Level Annotations

Branches:
Dungeon (3/15)

Altars:

Annotations:
D:3 Grinder


Message History

Pain shoots through your body!
You shoot a sling bullet. The sling bullet hits Grinder.
Grinder is heavily wounded.
Jessica mumbles some strange words.
Jessica blinks!
Grinder gestures at you. Pain shoots through your body!
You shoot a sling bullet. The sling bullet hits Grinder.
Grinder is heavily wounded.
Grinder hits you. x2; You writhe in agony.
1549 ||| DRINKING potion of heal wounds.
You feel much better.
Jessica mumbles some strange words.
Jessica blinks!
Grinder barely misses you.
You shoot a sling bullet. The sling bullet hits Grinder.
Grinder is heavily wounded.
Grinder misses you. You furiously retaliate!
You headbutt Grinder. You shoot a sling bullet. The sling bullet hits Grinder.
Grinder is severely wounded.
Grinder gestures at you.
You barely resist. You shoot a sling bullet.
The sling bullet closely misses Grinder.
Jessica mumbles something strange.
Grinder hits you.
You writhe in agony.
Grinder misses you.
You shoot a sling bullet. The sling bullet barely misses Grinder.
The sling bullet hits Jessica!
You kill Jessica!
Grinder hits you!
You writhe in agony.
Your Ranged Weapons skill increases to level 5!
You shoot a sling bullet.
The sling bullet hits Grinder but does no damage.
Grinder is heavily wounded.
Grinder gestures at you. Pain shoots through your body!
You shoot a sling bullet. The sling bullet hits Grinder.
Grinder is severely wounded.
Grinder gestures at you. Pain shoots through your body!
You die...

.. ....######
.$..).5@.## ##
....###...##
###... .
#.###.####....##
... #..........#
..#..
#.#........# ##
#.#
..##.##.###.# #.
#.###....# #.#
#. #........#
#.#
...<###....###.#


You could see Grinder.

Vanquished Creatures
  Jessica (D:3)
  4 adders
  5 dart slugs
  5 ball pythons
  3 bats
  2 endoplasms
  4 giant cockroaches
  2 hobgoblins
  2 jackals (D:2)
  3 kobolds (D:1)
  3 quokkas
  A frilled lizard (D:3)
  7 goblins
  4 rats
46 creatures vanquished.

Notes
Turn   | Place    | Note
-------+----------+-------------------------------------------
     0 | D:1      | qw the Minotaur Hexslinger began the quest for the Orb.
     0 | D:1      | Reached XP level 1. HP: 16/16 MP: 1/1
     0 | D:1      | 0 ||| qw: Version: 0.3-a-46-gb1f654a
     0 | D:1      | 0 ||| qw: Game counter: 1657
     0 | D:1      | 0 ||| qw: Melee chars always use a shield: true
     0 | D:1      | 0 ||| qw: God list: Okawaru
     0 | D:1      | 0 ||| qw: Allow faded altars: false
     0 | D:1      | 0 ||| qw: Do Orc after clearing Dungeon:15 true
     0 | D:1      | 0 ||| qw: Do second Lair branch before Depths: true
     0 | D:1      | 0 ||| qw: Lair rune preference: random
     0 | D:1      | 0 ||| qw: Goals: Normal
     0 | D:1      | 0 ||| PLANNING D:1-11
   117 | D:1      | Reached skill level 3 in Ranged Weapons
   127 | D:1      | Reached XP level 2. HP: 23/23 MP: 2/2
   603 | D:1      | 603 ||| UPGRADING to amulet of guardian spirit.
   608 | D:1      | 608 ||| READING scroll labelled LOCYEV ZOFICK.
   609 | D:1      | 609 ||| READING scroll labelled ACYAKO WEAHASK.
   614 | D:1      | 614 ||| READING scroll labelled GEITHRE DUBBOP.
   615 | D:1      | 615 ||| READING scroll labelled KATIPY FOCVUCH.
   616 | D:1      | 616 ||| DROPPING scroll of poison.
   626 | D:2      | 626 ||| STAIRDANCE
   643 | D:2      | 643 ||| STAIRDANCE
   650 | D:1      | Reached XP level 3. HP: 13/29 MP: 3/3
   651 | D:1      | HP: 6/29 [kobold/+0 short sword (3)]
   903 | D:2      | Reached skill level 4 in Ranged Weapons
   940 | D:2      | Found the +0 toga "Victory" {*Victory Clar}
   964 | D:2      | Found a faded altar of an unknown god.
  1112 | D:2      | Reached XP level 4. HP: 36/36 MP: 4/4
  1133 | D:2      | Identified the +1 buckler of the Lotus Blossom {Str+4}
  1282 | D:2      | 1282 ||| UPGRADING to +0 ring mail.
  1292 | D:2      | 1292 ||| DROPPING +0 robe.
  1293 | D:2      | 1293 ||| DROPPING ring of flight.
  1294 | D:2      | 1294 ||| READING scroll labelled AFEISI JEANNU.
  1295 | D:2      | 1295 ||| DRINKING 2 clear potions.
  1531 | D:3      | Noticed Grinder
  1534 | D:3      | Noticed Jessica
  1544 | D:3      | Reached skill level 1 in Armour
  1548 | D:3      | HP: 6/36 [Grinder (5)]
  1548 | D:3      | HP: 1/36 [Grinder (5)]
  1549 | D:3      | 1549 ||| DRINKING potion of heal wounds.
  1553 | D:3      | Killed Jessica
  1553 | D:3      | HP: 4/36 [Grinder (6)]
  1554 | D:3      | Reached skill level 5 in Ranged Weapons
  1555 | D:3      | Killed from afar by Grinder

Levels and vault maps discovered:
D:1:      sevenhm_arrival_forest_fort_large_4, layout_rooms
D:2:      layout_rooms, serial_aquarium, aquarium_bridge_square
          [aquarium_subvault_wall, aquarium_subvault_bridge,
          aquarium_subvault_window, aquarium_subvault_wall], aquarium_window_2,
          aquarium_window_1, aquarium_view_2b, aquarium_pool_four,
          shapermc_ecumenical_altar_starsandcircs, corexii_leaking_fountain
D:3:      layout_loops_ring, uniq_grinder, uniq_jessica

Skill      XL: |  1  2  3  4 |
---------------+-------------+-----
Ranged Weapons | 3 4 5 |  5.0
Fighting       | 2 |  2.0
Armour         | 1 |  1.3
Dodging        | |  2.1
Spellcasting   | |  1.0
Hexes          | |  2.0

Action                     |  1- 3 |  4- 6 || total
---------------------------+-------+-------++-------
   Fire: Sling             |   135 |    44 ||   179
    Use: Scroll            |     4 |     1 ||     5
         Potion            |       |     2 ||     2
 Armour: Robe              |    10 |       ||    10
         Ring mail         |       |     8 ||     8
  Dodge: Dodged            |    45 |    20 ||    65

Table legend:
 A = Non-vault XP
 B = Vault XP
 C = Vault XP percentage of total XP
 D = Non-vault monster count
 E = Vault monster count
 F = Vault count percentage of total count
                 A         B        C        D         E       F
            +---------+---------+-------+---------+---------+-------
      Total |     134 |      37 |  21.6 |      45 |       1 |   2.2
            +---------+---------+-------+---------+---------+-------
        D:1 |      43 |       0 |   0.0 |      23 |       0 |   0.0
        D:2 |      68 |       0 |   0.0 |      16 |       0 |   0.0
        D:3 |      23 |      37 |  61.7 |       6 |       1 |  14.3
            +---------+---------+-------+---------+---------+-------
